 Dungeon Crawl Stone Soup version 0.17.1-3-g152610e (webtiles) character file.

256979 manyhoops the Fencer (level 19, -10/155 HPs)
             Began as a Demonspawn Gladiator on Apr 24, 2016.
             Was a High Priest of Okawaru.
             Mangled by a stone giant (24 damage)
             ... in a wizard's laboratory.
             The game lasted 02:40:36 (43169 turns).

manyhoops the Fencer (Demonspawn Gladiator)        Turns: 43169, Time: 02:40:37

Health: -10/155    AC: 34    Str: 30    XL:     19   Next: 46%
Magic:  0/39       EV:  8    Int: 13    God:    Okawaru [*****.]
Gold:   3833       SH:  0    Dex: 18    Spells: 0 memorised, 18 levels left

rFire  + . .     SeeInvis +     h - +10 great sword of Indomitability {slice, rN+ Str+6}
rCold  . . .     Clarity  +     b - +8 orange crystal plate armour {Archmagi, Int+3 Clar SustAt}
rNeg   + + .     SustAt   +     (shield currently unavailable)
rPois  .         Gourm    .     (helmet restricted)
rElec  .         Spirit   +     S - +2 cloak
rCorr  .         Warding  .     (gloves unavailable)
rMut   .         Stasis   .     y - +2 pair of boots {run}
MR     ++...                    v - amulet of Odaran {Clar *Corrode MP+9 Dex+2 SInv}
Stlth  ..........               V - ring of protection from magic
                                m - +6 ring of strength

@: corroded equipment, quick, very resistant to hostile enchantments, extremely
unstealthy
A: claws 3, hooves 1, horns 1, rough black scales 3, clarity, fire resistance 1,
foul stench 1, negative energy resistance 1, magic shield, magic regeneration,
rot immunity
a: Heroism, Finesse, Renounce Religion
}: 1/15 runes: decaying


You were in a wizard's laboratory.
You worshipped Okawaru.
Okawaru was extremely pleased with you.
You were not hungry.

You visited 7 branches of the dungeon, and saw 37 of its levels.
You visited the Abyss 1 time.
You also visited: Labyrinth, Bailey, Volcano and Wizlab.

You collected 3958 gold pieces.
You spent 125 gold pieces at shops.

Inventory:

Hand Weapons
 h - the +10 great sword of Indomitability (weapon) {slice, rN+ Str+6}
   (Okawaru gifted it to you on level 3 of the Swamp)

   It inflicts extra damage upon your enemies.
   It affects your strength (+6).
   It protects you from negative energy.
Missiles
 d - 5 throwing nets (quivered)
Armour
 b - the +8 orange crystal plate armour (worn) {Archmagi, Int+3 Clar SustAt}
   (You found it in a wizard's laboratory)

   It affects your intelligence (+3).
   It sustains your strength, intelligence and dexterity.
   It protects you against confusion.
 y - a +2 pair of boots of running (worn)
 M - the +9 plate armour "Gizud" {rN+ MR+ rCorr Int+2}
   (You took it off a minotaur in a labyrinth)

   It affects your intelligence (+2).
   It protects you from negative energy.
   It affects your resistance to hostile enchantments.
   It protects you from acid and corrosion.
 S - a +2 cloak (worn)
Jewellery
 c - a +4 ring of protection
 m - a +6 ring of strength (left claw)
 v - the amulet of Odaran (around neck) {Clar *Corrode MP+9 Dex+2 SInv}
   (You found it on level 2 of the Vaults)

   [amulet of clarity]

   It provides mental clarity.
   It affects your dexterity (+2).
   It affects your magic capacity (+9).
   It lets you see invisible.
   It may corrode your equipment when you take damage.
 O - the amulet "Fask" {Ward rElec rF+++ rN+ Int+3 Slay-6}
   (You found it on level 11 of the Dungeon)

   [amulet of warding]

   It may prevent the melee attacks of summoned creatures.
   It affects your intelligence (+3).
   It affects your accuracy and damage with ranged weapons and melee attacks
   (-6).
   It renders you almost immune to fire.
   It insulates you from electricity.
   It protects you from negative energy.
 V - a ring of protection from magic (right claw)
Wands
 i - a wand of slowing (38)
 s - a wand of fireball (2)
 t - a wand of confusion (28)
 x - a wand of teleportation (1)
 A - a wand of fire (8)
 C - a wand of confusion (30)
 I - a wand of fireball (5)
Scrolls
 e - 3 scrolls of fog
 f - 13 scrolls of remove curse
 n - a scroll of teleportation
 w - 4 scrolls of magic mapping
 B - 2 scrolls of fear
 D - a scroll of amnesia
 H - 5 scrolls of random uselessness
 J - 2 scrolls of summoning
 N - a scroll of holy word
 P - a scroll of vulnerability
 Q - 4 scrolls of immolation
 X - a scroll of torment
Potions
 a - 3 potions of cancellation
 g - 2 potions of ambrosia
 j - 6 potions of curing
 k - 2 potions of haste
 o - 3 potions of might
 p - 2 potions of brilliance
 q - 2 potions of lignification
 r - 2 potions of berserk rage
 u - 4 potions of agility
 E - 4 potions of flight
 G - 2 potions of resistance
 R - a potion of magic
Miscellaneous
 z - a phantom mirror
 T - a disc of storms
 U - a box of beasts
 Z - a stone of tremors
Comestibles
 F - 9 meat rations


   Skills:
 - Level 15.3 Fighting
 - Level 18.1 Long Blades
 - Level 2.2 Throwing
 * Level 16.7 Armour
 - Level 2.6 Dodging
   Level 4.1 Shields
 - Level 8.0 Invocations
 - Level 15.2 Evocations


You had 18 spell levels left.
You didn't know any spells.

Dungeon Overview and Level Annotations

Branches:
Dungeon (15/15)            Temple (1/1) D:7            Lair (8/8) D:11
  Swamp (4/4) Lair:6        Snake (0/4) Lair:4        Slime (0/6) Lair:6
    Orc (4/4) D:11            Elf (1/3) Orc:4        Vaults (4/5) D:13
  Crypt (0/3) Vaults:3     Depths (0/5) D:15

Altars:
Ashenzari
Cheibriados
Dithmenos
Elyvilon
Fedhas
Gozag
Kikubaaqudgha
Makhleb
Okawaru
Qazlal
Ru
Sif Muna
Trog
Vehumet
Yredelemnul
Zin
Beogh

Shops:
D:8 :   D:9 %   Orc:4 %(:}   Vaults:2 *

Portals:
Hell: Lair:8

Annotations:
D:3 manyhoops's ghost, amateur DsGl
Swamp:4 Lernaean hydra
Vaults:2 exclusion: obsidian statue


Innate Abilities, Weirdness & Mutations

You have claws for hands.
You are completely covered in rough black scales (AC +10, Dex -3).
You may emit foul miasma when damaged in melee.
You resist negative energy.
When hurt, damage is shared between your health and your magic reserves.
You regenerate magic rapidly.
You are immune to rotting.
You have large cloven feet.
You have a pair of small horns on your head.
You possess an exceptional clarity of mind.
Your flesh is heat resistant.


Message History

The brown very ugly thing gores you!
* * * LOW HITPOINT WARNING * * *
You are splashed with acid!
The acid corrodes you!
The acid burns!
* * * LOW HITPOINT WARNING * * *
The stone giant hits you but does no damage.
You hit the brown very ugly thing. You headbutt the brown very ugly thing.
The brown very ugly thing is almost dead.
The white ugly thing gores you.
* * * LOW HITPOINT WARNING * * *
The white ugly thing freezes you!!
* * * LOW HITPOINT WARNING * * *
You feel better.
The brown very ugly thing gores you but does no damage.
The stone giant hits you.
* * * LOW HITPOINT WARNING * * *
The white ugly thing barely misses you.
You feel better.
The brown very ugly thing completely misses you.
The stone giant hits you!!
You die...

+..#..#
+..#..#
+..#..#
##....##
#.#...# #
##.....# #.##
#....###....#
#
##..##.......
## #(((@...#
#. #..uuC.##
## #.......##
# #....###..#
# .....#
#.... .....
...... .###.
..##... # .##
...


You could see a brown very ugly thing, a stone giant and a white ugly thing.

Vanquished Creatures
  2 liches
  A tentacled monstrosity (Swamp:4)
  A sphinx (Vaults:2)
  A tengu reaver (Vaults:3)
  4 tentacled starspawn (WizLab)
  2 storm dragons
  Roxanne (Elf:1)
  2 frost giants
  Donald (Orc:3)
  Maud (Lair:8)
  3 fire giants
  An orc warlord (Bailey)
  5 vault wardens
  A curse skull (Vaults:3)
  2 deep elf sorcerers
  10 ironheart preservers
  A cacodemon (WizLab)
  8 stone giants
  5 very ugly things
  2 deep elf demonologists
  A dire elephant (Lair:8)
  3 ettins (Vaults:3)
  2 crystal guardians (WizLab)
  3 vault guards
  The ghost of Alipheese the Cleaver, a journeyman NaFi of Cheibriados (Lair:2)
  3 fire dragons
  Josephine (Orc:2)
  3 yaktaur captains
  6 great orbs of eyes
  A minotaur (Lab)
  31 hydras
  An ice dragon (Vaults:3)
  Harold (Lair:2)
  7 ogre magi
  A catoblepas (D:14)
  Erica (D:8)
  7 centaur warriors
  2 tengu warriors (D:15)
  5 alligators
  The ghost of inmateoo the Quickloader, a journeyman VSAM of Okawaru (D:11)
  2 deep troll earth magi
  An iron troll (Orc:4)
  A fire crab (Lair:6)
  2 deep elf knights
  3 unseen horrors
  5 giant orange brains
  9 swamp dragons
  9 hill giants
  An orange crystal statue (WizLab)
  5 wizards
  2 shambling mangroves (Swamp:3)
  10 deep trolls
  A deep elf summoner (Elf:1)
  12 orc knights
  A flayed ghost (Vaults:3)
  2 deep elf conjurers (Vaults:3)
  10 ironbrand convokers
  3 necromancers
  6 cyclopes
  A manticore (D:15)
  3 hornets
  An orb spider (shapeshifter) (Vaults:3)
  10 griffons
  34 ugly things
  4 black mambas
  33 elephants
  A toenail golem (Volcano)
  5 orc sorcerers
  Maurice (D:9)
  17 spiny frogs
  Joseph (D:9)
  2 gargoyles
  A centaur zombie (D:12)
  7 vault sentinels
  4 eyes of devastation (WizLab)
  2 orange demons (Lair:8)
  A yaktaur (shapeshifter) (Vaults:3)
  A smoke demon (Lair:8)
  5 centaur skeletons
  7 komodo dragons
  A kobold demonologist (D:10)
  5 fire drakes
  3 spriggan druids (Lair:7)
  4 deep elf priests
  A two-headed ogre (shapeshifter) (Vaults:3)
  4 freezing wraiths
  4 polar bears
  2 giant leeches
  11 trolls
  A blue devil (Lair:8)
  15 yaktaurs
  Prince Ribbit (D:4)
  33 blink frogs
  16 two-headed ogres
  9 bog bodies
  A hornet zombie (D:15)
  7 boulder beetles
  A flying skull (Vaults:2)
  A trapdoor spider (D:14)
  36 slime creatures
  19 spriggans
  Sigmund (D:3)
  21 humans (D:13)
  2 redbacks (Vaults:3)
  16 deep elf magi
  6 fire bats
  A neqoxec (WizLab)
  34 yaks
  4 hungry ghosts (Lab)
  A mottled dragon (Vaults:2)
  6 wyverns
  6 basilisks
  6 wraiths
  12 hippogriffs
  16 wolves
  6 deep elf fighters
  23 vampire mosquitoes
  A warg (Vaults:1)
  Edmund (D:5)
  6 insubstantial wisps
  14 swamp worms
  A hell hound (Lair:8)
  5 porcupines
  A necrophage (D:5)
  2 nagas (Lair:4)
  2 phantoms (D:10)
  15 swamp drakes
  14 water moccasins
  3 black bears
  46 ogres
  3 sky beasts
  15 wasps
  25 centaurs
  35 orc warriors
  2 eyes of draining
  11 crocodiles
  18 boggarts
  33 giant frogs
  9 big kobolds
  Blork the orc (D:5)
  5 scorpions
  A wyvern skeleton (D:9)
  A human simulacrum (Vaults:2)
  9 wights
  2 vampire bats (Orc:3)
  16 killer bees
  An electric eel (Lair:3)
  4 crimson imps
  A giant frog zombie (D:6)
  3 hounds
  15 starcursed masses (WizLab)
  5 jellies
  A lava snake (Lair:5)
  3 giant frog skeletons
  25 orc wizards
  12 worker ants
  Terence (D:3)
  19 orc priests
  2 polar bear simulacra (Lair:2)
  9 iguanas
  5 wolf simulacra (Lair:2)
  2 yak simulacra (Lair:2)
  42 sheep
  A mummy (D:5)
  8 gnolls (Bailey)
  71 river rats
  3 worker ant zombies
  17 adders
  A white imp (Vaults:4)
  4 shadow imps
  An ooze (D:1)
  2 adder skeletons
  4 worms
  A giant gecko (D:1)
  163 orcs
  2 ball pythons
  4 giant cockroaches
  20 goblins
  23 hobgoblins
  22 jackals
  27 kobolds
  3 quokkas
  12 bats
  A giant gecko skeleton (D:5)
  10 giant newts
  2 hobgoblin zombies (D:5)
  2 jackal skeletons (D:5)
  2 kobold zombies (D:5)
  3 quokka skeletons
  A quokka zombie (D:5)
  9 rats
  2 river rat simulacra (Lair:2)
  3 plants
  2 starspawn tentacles (WizLab)
1570 creatures vanquished.

Vanquished Creatures (others)
  A skeletal warrior (Vaults:2)
  A spriggan druid (Swamp:3)
  A vault sentinel (Vaults:1)
  A spriggan (Swamp:3)
  A boggart (Vaults:1)
  An orc (D:11)
  A fire vortex (Volcano)
  33 fungi
  14 plants
  11 starspawn tentacles (WizLab)
  31 starspawn tentacle segments (WizLab)
96 creatures vanquished.

Grand Total: 1666 creatures vanquished

Notes
Turn   | Place    | Note
--------------------------------------------------------------
     0 | D:1      | manyhoops the Demonspawn Gladiator began the quest for the Orb.
     0 | D:1      | Reached XP level 1. HP: 16/16 MP: 1/1
   284 | D:1      | Gained mutation: You are partially covered in rough black scales (AC +4, Dex -1). [demonic ancestry]
   284 | D:1      | Reached XP level 2. HP: 19/22 MP: 2/2
   319 | D:1      | Reached skill level 3 in Long Blades
   594 | D:1      | Reached skill level 1 in Armour
   725 | D:1      | Gained mutation: You are mostly covered in rough black scales (AC +7, Dex -2). [demonic ancestry]
   725 | D:1      | Reached XP level 3. HP: 27/27 MP: 3/3
   821 | D:2      | Found a bloodstained altar of Trog.
  1095 | D:2      | Reached XP level 4. HP: 15/33 MP: 4/4
  1892 | D:3      | Noticed Sigmund
  1974 | D:3      | Found a shadowy altar of Dithmenos.
  2072 | D:3      | Noticed manyhoops's ghost (amateur DsGl)
  2403 | D:3      | Killed Sigmund
  2403 | D:3      | Reached skill level 4 in Long Blades
  2403 | D:3      | Reached XP level 5. HP: 39/41 MP: 5/5
  2403 | D:3      | Reached XP level 6. HP: 44/47 MP: 6/6
  2693 | D:4      | Found a bloodstained altar of Trog.
  3401 | D:5      | Entered Level 5 of the Dungeon
  3442 | D:5      | Gained mutation: You are immune to rotting. [demonic ancestry]
  3442 | D:5      | Reached XP level 7. HP: 50/53 MP: 7/7
  3603 | D:5      | Noticed Edmund
  3629 | D:5      | Killed Edmund
  3629 | D:5      | Reached skill level 5 in Long Blades
  3850 | D:5      | Noticed Blork the orc
  3867 | D:5      | Killed Blork the orc
  4257 | D:5      | Noticed Prince Ribbit
  4265 | D:4      | Reached skill level 5 in Armour
  4296 | D:4      | Killed Prince Ribbit
  4296 | D:4      | Gained mutation: When hurt, damage is shared between your health and your magic reserves. [demonic ancestry]
  4296 | D:4      | Reached XP level 8. HP: 27/61 MP: 8/8
  4573 | D:5      | Reached skill level 6 in Armour
  5022 | D:6      | Found a bloodstained altar of Trog.
  5022 | D:6      | Found a snail-covered altar of Cheibriados.
  5023 | D:6      | Found a radiant altar of Vehumet.
  5136 | D:5      | Reached skill level 5 in Fighting
  5385 | D:6      | Reached skill level 7 in Armour
  5809 | D:7      | Gained mutation: You are completely covered in rough black scales (AC +10, Dex -3). [demonic ancestry]
  5809 | D:7      | Reached XP level 9. HP: 64/68 MP: 9/9
  5925 | D:3      | Noticed Terence
  6089 | D:3      | Killed Terence
  6277 | D:3      | Found a basalt altar of Yredelemnul.
  6501 | D:7      | Found a staircase to the Ecumenical Temple.
  6530 | D:7      | Found a stormy altar of Qazlal.
  6546 | Temple   | Entered the Ecumenical Temple
  6663 | Temple   | Became a worshipper of Warmaster Okawaru
  6928 | D:7      | Found a sacrificial altar of Ru.
  7811 | D:8      | Found Bonexuocw's Book Boutique.
  7833 | D:8      | Noticed Erica
  7858 | D:7      | Reached skill level 8 in Armour
  8269 | D:8      | Killed Erica
  8269 | D:8      | Reached * piety under Okawaru
  8269 | D:8      | Reached ** piety under Okawaru
  8416 | D:8      | Got a scorched ring mail
  8428 | D:8      | Identified the +2 ring mail of Xom's Indignation {MR+} (You found it on level 8 of the Dungeon)
  8548 | D:8      | Found an opulent altar of Gozag.
  8786 | D:8      | Reached skill level 9 in Armour
  8835 | D:9      | Noticed Maurice
  8866 | D:9      | Gained mutation: You regenerate magic rapidly. [demonic ancestry]
  8866 | D:9      | Reached XP level 10. HP: 70/79 MP: 10/10
  8943 | D:9      | Killed Maurice
  9214 | D:9      | Reached *** piety under Okawaru
  9215 | D:9      | Found Lazanun's Food Boutique.
  9223 | D:9      | Noticed Joseph
  9241 | D:9      | Killed Joseph
  9926 | D:10     | Entered Level 10 of the Dungeon
 10064 | D:10     | Got an ancient flail
 10157 | D:10     | Reached **** piety under Okawaru
 10560 | D:10     | Reached skill level 10 in Armour
 10593 | D:10     | Reached XP level 11. HP: 74/87 MP: 11/11
 10811 | D:11     | Noticed inmateoo's ghost (journeyman VSAM)
 10833 | D:11     | Found a staircase to the Orcish Mines.
 11423 | D:11     | Noticed a hill giant
 11505 | D:11     | Noticed a hill giant
 11516 | D:11     | Killed a hill giant
 11516 | D:11     | Reached ***** piety under Okawaru
 11526 | D:11     | Killed inmateoo's ghost
 11574 | D:11     | Reached skill level 10 in Long Blades
 11679 | D:11     | Killed a hill giant
 11679 | D:11     | Reached skill level 1 in Invocations
 11692 | D:10     | Reached skill level 11 in Armour
 12183 | D:11     | Got a slimy silver amulet
 12185 | D:11     | Identified the amulet "Fask" {Ward rElec rF+++ rN+ Int+3 Slay-6} (You found it on level 11 of the Dungeon)
 12448 | D:11     | Found a staircase to the Lair.
 12499 | D:11     | Found a roughly hewn altar of Beogh.
 12506 | Orc:1    | Entered Level 1 of the Orcish Mines
 12506 | Orc:1    | Found a flagged portal.
 12567 | Bailey   | Entered a bailey
 12875 | Bailey   | Noticed an orc warlord
 12891 | Bailey   | Killed an orc warlord
 12992 | Bailey   | Got an iridescent double sword
 12994 | Bailey   | Identified the +8 double sword of Vunyo {freeze, -Tele +Rage Dex+2} (You found it in a bailey)
 13429 | Orc:1    | Paralysed by an orc sorcerer for 2 turns
 13507 | Orc:2    | Received a gift from Okawaru
 13515 | Orc:2    | Reached XP level 12. HP: 58/95 MP: 12/12
 13578 | Orc:2    | Noticed Josephine
 13606 | Orc:2    | Killed Josephine
 13640 | Orc:2    | Found a dark tunnel.
 13649 | Volcano  | Entered a volcano
 13948 | Orc:2    | Reached skill level 12 in Long Blades
 14697 | Orc:3    | Noticed Donald
 14829 | Lair:1   | Entered Level 1 of the Lair of Beasts
 15005 | Lair:1   | Reached skill level 10 in Fighting
 15753 | Lair:2   | Noticed Harold
 15781 | Lair:2   | Killed Harold
 15781 | Lair:2   | Reached skill level 13 in Long Blades
 16206 | Lair:2   | Noticed Alipheese's ghost (journeyman NaFi)
 16225 | Lair:2   | Killed Alipheese's ghost
 16918 | Lair:3   | Received a gift from Okawaru
 16949 | Lair:3   | Gained mutation: You may emit foul miasma when damaged in melee. [demonic ancestry]
 16949 | Lair:3   | Reached XP level 13. HP: 89/103 MP: 14/14
 17019 | Lair:3   | Got an ancient plate armour
 17025 | Lair:3   | Identified the +4 plate armour of Charity {rCorr SInv} (You found it on level 3 of the Lair of Beasts)
 17025 | Lair:3   | Identified 2 scrolls of acquirement
 17094 | Lair:3   | Reached skill level 14 in Long Blades
 17104 | Lair:3   | Reached ****** piety under Okawaru
 17782 | Lair:4   | Found a staircase to the Snake Pit.
 17893 | Lair:4   | Received a gift from Okawaru
 18263 | Lair:4   | Received a gift from Okawaru
 18266 | Lair:4   | Reached skill level 15 in Long Blades
 19018 | Lair:4   | Reached skill level 16 in Long Blades
 19431 | Lair:5   | Received a gift from Okawaru
 19467 | Lair:5   | Gained mutation: You have sharp fingernails. [demonic ancestry]
 19467 | Lair:5   | Reached XP level 14. HP: 85/110 MP: 16/16
 19595 | Lair:5   | Received a gift from Okawaru
 20201 | Lair:6   | Found a staircase to the Swamp.
 20236 | Lair:6   | Found a staircase to the Slime Pits.
 20254 | Lair:6   | Got a wavering granite ring
 20256 | Lair:6   | Identified the ring "Toshonn" {+Inv +Fly Slay+2} (You acquired it on level 6 of the Lair of Beasts)
 21237 | Lair:7   | Reached skill level 5 in Invocations
 22181 | Lair:6   | Received a gift from Okawaru
 22366 | Lair:6   | Got a warped ring mail {god gift}
 22377 | Lair:6   | Identified the +0 ring mail of Ciezyaro {rCorr Int+4} (Okawaru gifted it to you on level 6 of the Lair of Beasts)
 23168 | Lair:8   | Entered Level 8 of the Lair of Beasts
 23169 | Lair:8   | Noticed Maud
 23187 | Lair:8   | Killed Maud
 23750 | Lair:8   | Gained mutation: Your flesh is heat resistant. [potion of beneficial mutation]
 23751 | Lair:8   | Gained mutation: You possess an exceptional clarity of mind. [potion of beneficial mutation]
 23752 | Lair:8   | Gained mutation: You have a pair of small horns on your head. [potion of beneficial mutation]
 24034 | Lair:8   | Gained mutation: You have very sharp fingernails. [demonic ancestry]
 24034 | Lair:8   | Reached XP level 15. HP: 118/122 MP: 19/19
 24183 | Lair:8   | Found a burning altar of Makhleb.
 24207 | Lair:8   | Found a gateway to Hell.
 24469 | Lair:7   | Received a gift from Okawaru
 24963 | D:12     | Found a shattered altar of Ashenzari.
 26055 | D:13     | Found a gate to the Vaults.
 26475 | D:14     | Received a gift from Okawaru
 27309 | D:15     | Entered Level 15 of the Dungeon
 27337 | D:15     | Reached skill level 1 in Evocations
 27709 | D:15     | Reached XP level 16. HP: 127/134 MP: 14/20
 27777 | D:15     | Reached skill level 15 in Armour
 28296 | D:15     | Received a gift from Okawaru
 28307 | D:15     | Found a staircase to the Depths.
 28684 | Orc:3    | Killed Donald
 28993 | Orc:4    | Entered Level 4 of the Orcish Mines
 29008 | Orc:4    | Found a staircase to the Elven Halls.
 29018 | Orc:4    | Found a labyrinth entrance.
 29036 | Lab      | Entered a labyrinth
 29524 | Lab      | Got an ancient plate armour
 29535 | Lab      | Identified the +9 plate armour "Gizud" {rN+ MR+ rCorr Int+2} (You took it off a minotaur in a labyrinth)
 29866 | Orc:4    | Found Hyhecr Puesch's Food Shop.
 29871 | Orc:4    | Found Holl's Weapon Shop.
 29974 | Orc:4    | Found Bownuegg's Book Emporium.
 29990 | Orc:4    | Found Loifib's Gadget Boutique.
 30550 | Swamp:1  | Entered Level 1 of the Swamp
 31270 | Swamp:2  | Received a gift from Okawaru
 31270 | Swamp:2  | Reached skill level 1 in Shields
 32203 | Swamp:3  | Reached skill level 5 in Evocations
 32407 | Swamp:3  | Received a gift from Okawaru
 32468 | Swamp:3  | Paralysed by a wasp for 3 turns
 32592 | Swamp:3  | Got a twisted great sword {god gift}
 32598 | Swamp:3  | Identified the +10 great sword of Indomitability {slice, rN+ Str+6} (Okawaru gifted it to you on level 3 of the Swamp)
 32910 | Swamp:4  | Entered Level 4 of the Swamp
 33351 | Swamp:4  | Gained mutation: You have claws for hands. [demonic ancestry]
 33351 | Swamp:4  | Reached XP level 17. HP: 106/140 MP: 16/21
 33486 | Swamp:4  | Received a gift from Okawaru
 33506 | Swamp:4  | Noticed the 27-headed Lernaean hydra
 33630 | Swamp:4  | Noticed a tentacled monstrosity
 33635 | Swamp:4  | Killed a tentacled monstrosity
 33736 | Swamp:4  | Reached skill level 17 in Long Blades
 33810 | Swamp:4  | Got a decaying rune of Zot
 34175 | Vaults:1 | Entered Level 1 of the Vaults
 34314 | Vaults:1 | Received a gift from Okawaru
 34704 | Vaults:1 | Received a gift from Okawaru
 35281 | Vaults:1 | Received a gift from Okawaru
 35328 | Vaults:1 | Got a faintly glowing scale mail {god gift}
 35339 | Vaults:1 | Identified the +1 scale mail "Hiddyif" {Str+3} (Okawaru gifted it to you on level 1 of the Vaults)
 35631 | Vaults:2 | Cast into the Abyss (a deep elf demonologist)
 35640 | Vaults:2 | Escaped the Abyss
 35644 | Vaults:2 | Reached skill level 10 in Evocations
 35722 | Vaults:2 | Identified a +0 pair of boots of running (You acquired it on level 2 of the Vaults)
 35916 | Vaults:2 | Got a pitted pewter amulet
 35917 | Vaults:2 | Identified the amulet of Odaran {Clar *Corrode MP+9 Dex+2 SInv} (You found it on level 2 of the Vaults)
 36125 | Vaults:2 | Found Yhifraun's General Store.
 36133 | Vaults:2 | Bought a scroll of summoning for 95 gold pieces
 36133 | Vaults:2 | Bought a scroll of teleportation for 30 gold pieces
 37532 | Vaults:3 | Gained mutation: You resist negative energy. [demonic ancestry]
 37532 | Vaults:3 | Reached XP level 18. HP: 135/147 MP: 24/26
 38164 | Vaults:3 | Received a gift from Okawaru
 38838 | Vaults:3 | Noticed a lich
 38963 | Vaults:3 | Killed a lich
 39060 | Vaults:3 | Received a gift from Okawaru
 39173 | Vaults:2 | Reached skill level 15 in Evocations
 39891 | Vaults:3 | Received a gift from Okawaru
 40122 | Vaults:3 | Reached skill level 15 in Fighting
 40129 | Vaults:3 | Got a pitted chain mail {god gift}
 40143 | Vaults:2 | Identified the +1 chain mail of Sarunamuhe {rF+ Str+5 Int-4 Dex-3} (Okawaru gifted it to you on level 3 of the Vaults)
 40372 | Vaults:3 | Found a staircase to the Crypt.
 40658 | Vaults:3 | Reached XP level 19. HP: 155/155 MP: 30/30
 41127 | Elf:1    | Entered Level 1 of the Elven Halls
 41269 | Elf:1    | Noticed Roxanne
 41317 | Elf:1    | Killed Roxanne
 41419 | Elf:1    | Found a magical portal.
 41428 | WizLab   | Entered Lehudib's Moon Base
 41755 | WizLab   | Paralysed by accursed screaming for 1 turns
 42847 | WizLab   | Reached skill level 18 in Long Blades
 42899 | WizLab   | Gained mutation: You have large cloven feet. [potion of beneficial mutation]
 43167 | WizLab   | HP: 3/155 [white ugly thing (22)]
 43169 | WizLab   | Mangled by a stone giant

Action                   |  1- 3 |  4- 6 |  7- 9 | 10-12 | 13-15 | 16-18 | 19-21 || total
-------------------------+-------+-------+-------+-------+-------+-------+-------++-------
Melee: Long sword        |   180 |   208 |   495 |       |       |       |       ||   883
       Scimitar          |       |       |    58 |   688 |   149 |    89 |       ||   984
       Double sword      |       |       |       |   396 |  1247 |  1421 |    12 ||  3076
       Great sword       |       |       |       |       |       |   135 |   295 ||   430
Throw: Throwing net      |       |       |     1 |       |       |       |       ||     1
Invok: Heroism           |       |       |       |     5 |     4 |    19 |     1 ||    29
Evoke: Wand              |       |       |       |     1 |       |     3 |     1 ||     5
       Disc of storms    |       |       |       |       |       |     1 |       ||     1
  Use: Scroll            |       |     2 |    11 |     9 |    19 |    23 |     4 ||    68
       Potion            |       |       |     4 |     2 |     5 |     9 |     5 ||    25
  Eat: Chunk             |     1 |     7 |    10 |    15 |    10 |     5 |       ||    48
       Bread ration      |       |       |     2 |     2 |     5 |     5 |       ||    14
       Pizza             |       |       |     1 |     1 |     1 |     4 |       ||     7
       Beef jerky        |       |       |       |     2 |     4 |     2 |       ||     8
       Meat ration       |       |       |       |     1 |       |     3 |     1 ||     5
       Fruit             |       |       |       |       |     1 |     1 |       ||     2
